 Dungeon Crawl Stone Soup version 0.16-a0-3197-g5046a99 (webtiles) character file.

1122 Chiseanne the Ducker (level 8, 0/71 HPs)
             Began as a Troll Chaos Knight on Dec 18, 2014.
             Was a Plaything of Xom.
             Slain by an unseen horror (8 damage)
             ... on level 6 of the Dungeon.
             The game lasted 00:16:22 (3754 turns).

Chiseanne the Ducker (Troll Chaos Knight)           Turns: 3754, Time: 00:16:22

Health: 0/71       AC: 10    Str: 22      XL:     8   Next: 12%
Magic:  15/15      EV: 11    Int:  7 (9)  God:    Xom [.*....]
Gold:   292        SH:  3    Dex:  9      Spells: 1 memorised, 8 levels left

rFire  . . .     SeeInvis .     s - +2 mace (venom)
rCold  . . .     Clarity  .     b - +2 robe
rNeg   . . .     SustAb   .     (shield restricted)
rPois  .         Gourm    +     (helmet restricted)
rElec  .         Spirit   .     (no cloak)
rCorr  .         Warding  .     (gloves unavailable)
rMut   .         Stasis   .     (boots unavailable)
MR     +....                    (no amulet)
Stlth  +.........               B - ring of flight
                                j - ring of magical power

@: somewhat resistant to hostile enchantments, very unstealthy
A: unfitting armour, claws 3, large bone plates 2, blurry vision 2, fast
metabolism 3, frail 1, gourmand, magic resistance 1, regeneration 2, shaggy fur
1, tough skin 2
a: Renounce Religion, Evoke Flight


You were on level 6 of the Dungeon.
You worshipped Xom.
You were a plaything of Xom.
You were full.

You visited 1 branch of the dungeon, and saw 6 of its levels.

You collected 292 gold pieces.

Inventory:

Hand weapons
 a - a +0 mace of chaos
 q - a +0 hunting sling of freezing
 s - a +2 mace of venom (weapon)
Missiles
 h - 67 arrows
 i - 7 poisoned needles
 o - a tomahawk (quivered)
 u - 7 needles of sleeping
 D - 22 bolts
 E - a throwing net
Armour
 b - a +2 robe (worn)
Jewellery
 j - a ring of magical power (left claw)
 B - a ring of flight (right claw)
Magical devices
 n - a wand of polymorph (19)
 v - a wand of draining (9)
 x - a wand of paralysis (15)
 C - a wand of disintegration (15)
Scrolls
 k - 2 scrolls of teleportation
 r - a scroll of magic mapping
 t - 2 scrolls of identify
 y - a scroll of remove curse
Potions
 d - 2 potions of heal wounds
 e - 2 potions of lignification
 f - a potion of brilliance
 w - 3 potions of curing
 z - a potion of ambrosia
 A - a potion of flight
 F - a potion of might
Books
 m - a book of Death

   Spells                             Type                      Level
   a - Corpse Rot                     Necromancy                   2
   b - Sublimation of Blood           Necromancy                   2
   c - Agony                          Necromancy                   5
   d - Dispel Undead                  Necromancy                   5
   e - Excruciating Wounds            Charms/Necromancy            5
   f - Bolt of Draining               Conjuration/Necromancy       5
Comestibles
 c - 4 meat rations
 g - 2 beef jerkies
 l - 3 bread rations
 p - 4 fruits


   Skills:
 * Level 4.4 Fighting
 - Level 3.4 Maces & Flails
 - Level 1.5 Armour
 * Level 6.0 Dodging
 * Level 1.5 Spellcasting
 * Level 1.6 Necromancy


You had 8 spell levels left.
You knew the following spells:

 Your Spells              Type           Power        Failure   Level  Hunger
a - Corpse Rot            Necr           N/A          30%         2    ###....


Dungeon Overview and Level Annotations

Branches:
Dungeon (6/15)
 Temple: D:4-7

Altars:
Cheibriados
Makhleb

Shops:
D:4 %


Innate Abilities, Weirdness & Mutations

You are too large for most types of armour.
You have claws for hands.
Your metabolism is lightning-fast.
You like to eat raw meat.
You heal very quickly.
You are covered in fur (AC +1).
You have very tough skin (AC +2).
You are mostly covered in large bone plates (AC +3, SH +3).
Scrolls take you longer to read.
You are frail (-10% HP).
You are resistant to hostile enchantments.


Message History

The scorpion seems less confused.
You kill the scorpion!
Your Dodging skill increases to level 6!
Something hits you.
* * * LOW HITPOINT WARNING * * *
Something hits you.
* * * LOW HITPOINT WARNING * * *
Read which item? (? for menu, Esc to quit)
Keep reading the scroll? [Y]es or [N]o only, please.
Keep reading the scroll?
Something hits you.
* * * LOW HITPOINT WARNING * * *
You begin reading the scroll.
You continue reading the scroll.
Something hits you.
* * * LOW HITPOINT WARNING * * *
You continue reading the scroll.
Something hits you!
You die... "Boring in life, boring in death..."

##.§§...###.# ##.#
##...........# .. Z..
#.n........... .# . #.. #
#...........###.#.### #.###?#
#.....#.........#.....#.....#.
#.....##......................
##.....##.....................
###...†##..............######
##........@.....###...
##............## ###.
##..........## #. #.........##
# ##.......## ##......#
##....## ##...# #..##


There were no monsters in sight!

Vanquished Creatures
  An orc warrior (D:6)
  A centaur (D:5)
  2 giant frogs
  4 scorpions
  A crimson imp (D:6)
  A hound (D:4)
  An iguana (D:5)
  3 worker ants
  Natasha (D:5)
  2 orc wizards (D:3)
  9 adders
  3 gnolls (D:5)
  A shadow imp (D:6)
  A giant mite (D:3)
  3 worms
  2 adder skeletons
  An ooze (D:4)
  7 orcs
  2 ball pythons
  9 bats
  9 goblins
  11 hobgoblins
  5 jackals (D:1)
  5 kobolds
  2 quokkas
  A giant cockroach (D:1)
  A giant gecko skeleton (D:5)
  2 giant newts
  13 rats
104 creatures vanquished.

Vanquished Creatures (collateral kills)
  Eustachio (D:5)
  A phantom (D:5)
  A hound (D:5)
  A worker ant (D:5)
  A ball python (D:5)
5 creatures vanquished.

Grand Total: 109 creatures vanquished

Notes
Turn   | Place    | Note
--------------------------------------------------------------
     0 | D:1      | Chiseanne, the Troll Chaos Knight, began the quest for the Orb.
     0 | D:1      | Reached XP level 1. HP: 22/22 MP: 1/1
    13 | D:1      | Reached skill level 1 in Dodging
    55 | D:1      | XOM: potion effect (berserk rage)
    56 | D:1      | Reached XP level 2. HP: 29/29 MP: 1/1
    62 | D:1      | Reached skill level 3 in Maces & Flails
   177 | D:1      | XOM: divination: detect creatures
   379 | D:1      | XOM: potion effect (brilliance)
   465 | D:1      | Reached XP level 3. HP: 36/36 MP: 2/2
   481 | D:1      | XOM: vitrification
   551 | D:2      | XOM is BORED!
   551 | D:2      | XOM: noise
   569 | D:2      | XOM: destruction
   591 | D:2      | Found a burning altar of Makhleb.
   621 | D:2      | Gained mutation: Your muscles are strong. (Str +2) [potion of beneficial mutation]
   707 | D:2      | Reached XP level 4. HP: 37/45 MP: 2/2
   727 | D:2      | XOM: give mutations
   727 | D:2      | Gained mutation: Scrolls take you a little longer to read. [Xom's mischief]
   727 | D:2      | Gained mutation: Scrolls take you longer to read. [Xom's mischief]
   727 | D:2      | Gained mutation: You are resistant to hostile enchantments. [Xom's mischief]
   972 | D:2      | Learned a level 2 spell: Corpse Rot
  1033 | D:2      | XOM: stat loss: -1 Str (22/23)
  1123 | D:2      | Gained mutation: You are partially covered in large bone plates (AC +2, SH +2). [potion of mutation]
  1123 | D:2      | Gained mutation: You are frail (-10% HP). [potion of mutation]
  1123 | D:2      | Gained mutation: You are mostly covered in large bone plates (AC +3, SH +3). [potion of mutation]
  1134 | D:2      | XOM: medium Divn miscast
  1392 | D:3      | Reached XP level 5. HP: 41/47 MP: 2/2
  1619 | D:3      | XOM: harmless Hex miscast
  1665 | D:3      | XOM: mild Fire miscast
  1733 | D:3      | Found a snail-covered altar of Cheibriados.
  1740 | D:3      | XOM: mild Divn miscast
  2152 | D:4      | Reached XP level 6. HP: 50/54 MP: 3/3
  2347 | D:4      | Found Wuyrchiru's Food Shoppe.
  2824 | D:5      | Entered Level 5 of the Dungeon
  2832 | D:5      | XOM: give mutation
  2832 | D:5      | Lost mutation: Your muscles are strong. (Str +2) [Xom's mischief]
  2893 | D:5      | Reached skill level 4 in Dodging
  3003 | D:5      | XOM: mild Necr miscast
  3016 | D:5      | XOM: cast spell 'Summon Dragon'
  3019 | D:5      | Reached skill level 1 in Spellcasting
  3019 | D:5      | Reached skill level 1 in Necromancy
  3193 | D:5      | Reached XP level 7. HP: 61/61 MP: 5/5
  3275 | D:5      | Noticed Natasha
  3284 | D:5      | Killed Natasha
  3286 | D:5      | XOM: silly message
  3314 | D:5      | XOM: confusion
  3322 | D:5      | Reached skill level 5 in Dodging
  3500 | D:5      | Noticed Eustachio
  3506 | D:5      | Killed Eustachio
  3676 | D:6      | XOM: confuse monster(s)
  3685 | D:6      | XOM: 7-stop teleportation journey
  3702 | D:6      | Noticed a yak
  3707 | D:6      | a yak changed into something unseen
  3707 | D:6      | XOM: polymorph yak -> something unseen
  3717 | D:6      | XOM: fog
  3718 | D:6      | Reached XP level 8. HP: 21/71 MP: 6/6
  3726 | D:6      | XOM: harmless Divn miscast
  3729 | D:6      | HP: 2/71 [something (10)]
  3736 | D:6      | XOM: smoke on damage
  3744 | D:6      | XOM: confuse monster(s)
  3747 | D:6      | Reached skill level 6 in Dodging
  3754 | D:6      | Slain by an unseen horror

Action                   |  1- 3 |  4- 6 |  7- 9 || total
-------------------------+-------+-------+-------++-------
Melee: Mace              |    82 |   182 |    66 ||   330
Throw: Tomahawk          |       |       |     9 ||     9
 Cast: Corpse Rot        |       |       |     1 ||     1
  Use: Scroll            |     5 |     9 |     2 ||    16
       Potion            |     1 |     2 |     1 ||     4
 Stab: Paralysed         |     4 |       |       ||     4
  Eat: Chunk             |    11 |    25 |     2 ||    38
